Map: Shrines of Lizul

Players

zzdot

  • Race: Terran Terran
  • League: Diamond

Tenonee

  • Race: Zerg Zerg
  • League: Diamond

KKrazy

  • Race: Terran Terran
  • League: Diamond

Tossakun

  • Race: Zerg Zerg

VOD

Have the link to the VOD?

Description

Time

  • Played on: July 30, 2016, 8:11 a.m.
  • Length: 7:07
Show
View Real Time Build Order
Export as new Build Order

zzdot Terran 

Build Orders: Mech 

Get SALT Encoding   

  12  0:01  SCV  
  13  0:13  SCV  
  14  0:19  Supply Depot  
  14  0:25  SCV  
  15  0:31  Refinery  
  15  0:41  SCV  
  16  0:45  Barracks  
  16  0:53  SCV  
  17  1:05  SCV  
  18  1:17  SCV  
  19  1:29  SCV  
  20  1:38  Command Center  
  20  1:43  Barracks Reactor  
  20  1:47  Orbital Command  
  20  2:03  Supply Depot  
  20  2:09  Factory  
  20  2:13  SCV  
  21  2:19  Marine x2  
  23  2:27  Refinery  
  23  2:35  SCV  
  23  2:37  Marine x2  
  24  2:48  SCV  
  25  2:52  Orbital Command  
  25  2:57  Marine  
  25  2:58  Marine  
  27  3:15  Marine x2  
  27  3:17  Factory Tech Lab  
  29  3:20  SCV x2  
  31  3:36  Supply Depot, SCV  
  31  3:39  Marine  
  31  3:40  Marine  
  34  3:45  Orbital Command  
  34  3:47  Siege Tank  
  37  4:00  SCV  
  37  4:02  Command Center  
  38  4:05  Marine x2  
  40  4:19  SCV x2  
  40  4:23  Siege Tank  
  45  4:31  SCV  
  32  4:49  Supply Depot  
  29  4:53  Marine x2  
  31  5:06  Siege Tank  
  34  5:07  Orbital Command  
  34  5:11  Marine  
  34  5:13  Factory  
  35  5:15  Orbital Command  
  35  5:17  Marine  
  36  5:29  Marine  
  36  5:34  SCV x2  
  39  5:48  SCV  
  40  5:51  Siege Tank  
  40  5:52  SCV  
  40  5:53  SCV  
  45  5:58  Marine  
  45  6:00  SCV  
  47  6:05  SCV  
  47  6:11  SCV  
  49  6:12  SCV  
  49  6:14  Refinery  
  49  6:15  Refinery  
  50  6:21  Marine x2  
  50  6:22  Factory Reactor  
  52  6:29  Factory  
  47  6:55  Factory  
  47  6:57  Factory  
  47  6:59  Engineering Bay  
  47  7:00  Supply Depot  
Show
View Real Time Build Order
Export as new Build Order

Tenonee Zerg 

Build Orders: Hatch First 

Get SALT Encoding   

  12  0:01  Drone  
  13  0:14  Overlord  
  13  0:18  Drone  
  14  0:32  Drone x2  
  16  0:44  Drone  
  16  0:49  Drone  
  18  1:01  Hatchery  
  18  1:04  Drone  
  18  1:12  Extractor  
  17  1:21  Spawning Pool  
  17  1:25  Drone  
  17  1:34  Drone x2  
  19  1:46  Overlord  
  19  2:06  Drone x2  
  21  2:10  Queen  
  23  2:18  Queen  
  25  2:23  Metabolic Boost  
  25  2:36  Zergling x2  
  25  2:37  Zergling x4  
  28  2:41  Drone x3  
  31  2:49  Queen  
  33  2:59  Overlord  
  32  3:14  Zergling x4  
  32  3:15  Zergling x2  
  35  3:23  Drone  
  35  3:24  Drone x4  
  35  3:26  Pneumatized Carapace  
  38  3:58  Drone x5  
  38  4:00  Overlord  
  38  4:01  Overlord  
  43  4:03  Extractor  
  43  4:05  Extractor x2  
  43  4:08  Spine Crawler x2  
  35  4:10  Zergling x8  
  39  4:17  Roach Warren  
  22  4:41  Zergling x8  
  22  4:42  Zergling x6  
  26  5:20  Roach x5  
  32  5:55  Hatchery  
  32  5:56  Queen  
  33  6:17  Hatchery  
  31  6:35  Roach x4  
Show
View Real Time Build Order
Export as new Build Order

KKrazy Terran 

Build Orders:  

Get SALT Encoding   

  12  0:02  SCV  
  13  0:14  SCV  
  14  0:19  Supply Depot  
  14  0:26  SCV  
  15  0:40  SCV  
  16  0:43  Barracks  
  16  0:52  SCV  
  16  0:53  Refinery  
  17  1:04  SCV  
  17  1:07  Barracks  
  18  1:16  SCV  
  19  1:27  Supply Depot  
  19  1:29  SCV  
  20  1:37  Reaper  
  21  1:41  Orbital Command  
  21  1:57  Reaper  
  21  1:59  Refinery  
  23  2:08  SCV  
  23  2:17  Reaper  
  23  2:22  SCV  
  25  2:29  Command Center  
  25  2:50  Reaper  
  27  2:52  Barracks Reactor  
  27  2:55  SCV  
  27  3:02  Factory  
  27  3:54  Marine  
  27  3:55  Marine  
  30  3:56  Barracks Tech Lab  
  30  3:58  Factory Tech Lab, Starport  
  29  4:12  Marine  
  28  4:33  Marine x3  
  28  4:35  Siege Tank  
  28  4:36  Medivac  
  36  4:41  SCV  
  36  4:42  Barracks  
  36  4:45  Supply Depot  
  37  4:46  Supply Depot, Engineering Bay  
  37  4:51  Marine x3  
  41  4:54  Orbital Command, SCV  
  41  4:59  Stimpack  
  41  5:06  SCV  
  42  5:09  Marine x3  
  42  5:12  Medivac  
  47  5:18  SCV  
  48  5:22  Siege Tank, SCV  
  48  5:26  Missile Turret, Marine  
  48  5:27  Marine x2  
  55  5:30  SCV  
  56  5:46  Marine  
  56  5:47  Marine x2  
  60  5:53  Barracks Reactor  
  59  6:04  Marine x2  
  59  6:05  Marine  
  59  6:07  Starport Reactor  
  59  6:10  Supply Depot  
  61  6:11  Supply Depot  
  61  6:12  Supply Depot  
  61  6:13  Siege Tank  
  62  6:31  Marine  
  63  6:33  Marine  
  59  6:47  Marine  
  59  6:48  Marine x2  
  59  6:52  Supply Depot  
  70  6:59  Barracks  
  70  7:00  Barracks  
Show
View Real Time Build Order
Export as new Build Order

Tossakun Zerg 

Build Orders: Hatch First 

Get SALT Encoding   

  12  0:01  Drone  
  13  0:14  Overlord  
  13  0:20  Drone  
  14  0:23  Extractor  
  14  0:24  Drone  
  15  0:33  Drone  
  16  0:36  Drone  
  17  0:56  Hatchery  
  16  0:58  Drone  
  18  1:04  Drone  
  18  1:07  Extractor  
  17  1:18  Spawning Pool  
  16  1:21  Drone  
  17  1:28  Drone  
  18  1:38  Drone  
  19  1:50  Overlord  
  19  2:05  Queen  
  21  2:10  Queen  
  21  2:12  Drone  
  24  2:17  Metabolic Boost  
  24  2:23  Drone  
  24  2:26  Zergling x4  
  27  2:37  Drone  
  27  2:40  Queen  
  27  2:43  Zergling x4  
  32  2:49  Drone  
  33  2:54  Drone x2  
  35  3:07  Baneling Nest  
  35  3:11  Hatchery  
  33  3:12  Overlord  
  33  3:15  Overlord  
  33  3:19  Drone x2  
  35  3:21  Drone  
  36  3:32  Zergling x10  
  36  3:33  Zergling x2  
  42  3:39  Zergling x2  
  43  3:49  Zergling x6  
  43  3:50  Zergling x4  
  48  3:56  Zergling x2  
  48  3:58  Zergling x4  
  48  3:59  Zergling x2  
  52  4:04  Overlord  
  51  4:12  Zergling x2  
  51  4:23  Zergling x2  
  53  4:24  Zergling x4  
  53  4:28  Zergling x6  
  53  4:29  Zergling x8  
  53  4:30  Evolution Chamber  
  60  4:32  Evolution Chamber  
  60  4:35  Zergling x4  
  60  4:38  Zergling x2  
  56  4:45  Zergling x4  
  56  4:49  Zergling x2  
  57  4:56  Zerg Melee Weapons Level 1, Drone  
  57  4:57  Drone x2  
  61  5:00  Drone x3  
  61  5:01  Drone x2  
  61  5:05  Baneling x3  
  61  5:07  Drone  
  61  5:08  Drone  
  61  5:09  Drone x2, Extractor  
  61  5:11  Drone  
  64  5:19  Overlord x2  
  64  5:23  Zergling x2  
  64  5:24  Baneling x2  
  65  5:30  Overlord x3  
  65  5:37  Extractor  
  65  5:39  Extractor  
  65  5:42  Drone x2  
  67  5:49  Zergling x2  
  68  5:50  Zergling x14  
  75  5:59  Zergling x10  
  75  6:00  Zergling x4  
  75  6:01  Baneling  
  82  6:07  Zergling x6  
  85  6:18  Zergling x8  
  88  6:24  Zergling x8  
  93  6:28  Baneling x2  
  93  6:30  Baneling  
  93  6:31  Baneling  
  93  6:32  Zergling x8  
  97  6:33  Zergling x4  
  98  6:42  Zergling x6  
  98  6:44  Zergling x4  
  97  6:47  Zergling x2  
Tags
 
Add a new tag
Caveats
  • Supply blocks, unpowered buildings, or Contaminate may cause inaccurate times.
  • Supply counts are checked every 10 seconds.